 Dungeon Crawl Stone Soup version 0.23-a0-169-gb21e69520c (webtiles) character file.

4760 PikkenKukken the Insei (level 10, -11/79 HPs)
             Began as a Demonspawn Monk on Sept 12, 2018.
             Was an Elder of Yredelemnul.
             Mangled by an orc knight
             ... wielding a +0 halberd
              (19 damage)
             ... in a bailey.
             The game lasted 00:21:19 (11496 turns).

PikkenKukken the Insei (Demonspawn Monk)           Turns: 11496, Time: 00:21:20

Health: -11/79     AC: 17    Str: 20    XL:     10   Next: 23%
Magic:  12/12      EV:  7    Int: 11    God:    Yredelemnul [****..]
Gold:   678        SH: 13    Dex: 16    Spells: 9/9 levels left

rFire    . . .     SeeInvis .     - Unarmed
rCold    . . .     Gourm    .   c - +1 shield
rNeg     . . .     Faith    .   x - +0 plate armour
rPois    .         Spirit   .   p - +2 hat
rElec    .         Reflect  +   (no cloak)
rCorr    .         Harm     .   (no gloves)
MR       .....                  (no boots)
Stlth    ..........             h - +2 amulet of reflection
HPRegen  2.23/turn              (no ring)
MPRegen  0.13/turn              (no ring)

@: mighty
A: claws 1, rugged brown scales 2, demonic guardian 2, powered by death 1
a: Recall Undead Slaves, Injury Mirror, Animate Dead, Drain Life, Renounce
Religion


You were in a bailey.
You worshipped Yredelemnul.
Yredelemnul was greatly pleased with you.
You were not hungry.

You visited 2 branches of the dungeon, and saw 11 of its levels.
You also visited: Bailey.

You collected 678 gold pieces.

Inventory:

Armour
 c - a +1 shield (worn)
 g - a +0 chain mail
 p - a +2 hat (worn)
 x - a +0 plate armour (worn)
Jewellery
 h - a +2 amulet of reflection (around neck)
 q - an uncursed amulet of the acrobat
Wands
 j - a wand of digging (12)
 r - a wand of acid (5)
 t - a wand of iceblast (12)
 v - a wand of clouds (7)
Scrolls
 d - a scroll of fog
 f - 3 scrolls of remove curse
 i - 6 scrolls of teleportation
 l - 4 scrolls of enchant weapon
 u - a scroll of fear
 y - a scroll of identify
 z - a scroll of acquirement {unknown}
Potions
 a - a potion of magic {unknown}
 e - 3 potions of flight
 k - a potion of resistance
 m - a potion of lignification
 n - a potion of curing
 o - 5 potions of heal wounds
 s - 2 potions of might
 w - 2 potions of brilliance
 A - a potion of invisibility
Comestibles
 b - 23 rations


   Skills:
 + Level 6.3 Fighting
 * Level 6.9 Armour
 + Level 5.7 Dodging
 - Level 1.7 Stealth
 + Level 4.8 Shields
 * Level 7.7 Unarmed Combat
 * Level 2.4 Invocations
 - Level 3.0 Evocations


You had 9 spell levels left.
You didn't know any spells.
Your spell library contained the following spells:

 Spells                   Type           Power        Failure   Level  Hunger
 Beastly Appendage        Tmut           #.....       100%        1    ##.....
 Sting                    Conj/Pois      #...         100%        1    ##.....
 Poisonous Vapours        Pois/Air       #.....       100%        2    ###....
 Sticks to Snakes         Tmut           #.......     100%        2    ###....
 Mephitic Cloud           Conj/Pois/Air  #.......     100%        3    ####...
 Spider Form              Tmut/Pois      #.........   100%        3    ####...
 Ice Form                 Ice/Tmut       #.......     100%        4    #####..
 Olgreb's Toxic Radiance  Pois           #.......     100%        4    #####..
 Blade Hands              Tmut           #.........   100%        5    ######.
 Venom Bolt               Conj/Pois      #.........   100%        5    ######.


Dungeon Overview and Level Annotations

Branches:
Dungeon (10/15)            Temple (1/1) D:5
   Lair: D:8-11         Orc: D:9-12

Altars:
Ashenzari
Cheibriados
Dithmenos
Elyvilon
Fedhas
Gozag
Hepliaklqana
Kikubaaqudgha
Makhleb
Nemelex Xobeh
Okawaru
Qazlal
Ru
Sif Muna
Trog
Uskayaw
Vehumet
Wu Jian
Xom
Yredelemnul
Zin
The Shining One

Shops:
D:5 [   D:9 *

Annotations:
D:3 1 runed door, PikkenKukken's ghost, amateur DsAK


Innate Abilities, Weirdness & Mutations

You have sharp fingernails.
You are mostly covered in rugged brown scales. (AC +2, +5% HP)
A demonic guardian rushes to your aid.
You regenerate a little health from kills.


Message History

The orc knight hits your orc warrior zombie from afar with a trident!!!
Your orc warrior zombie is destroyed!
Your orc zombie hits the orc from afar with a spear.
The orc knight shouts!
Things that are here:
a trident x2
You scratch the orc knight.
The orc knight is heavily wounded.
The orc knight hits you from afar with a glaive!
The orc knight hits you with a halberd!!
You block the orc warrior's attack.
The orc knight hits you from afar with a trident!!
* * * LOW HITPOINT WARNING * * *
You claw the orc knight!
The orc knight is severely wounded.
The orc hits you but does no damage.
Your orc warrior zombie hits the orc knight but does no damage.
The orc knight hits you with a halberd!!
You die...
Your body rises from the dead as a mindless zombie.

####### ######
##.....#########.....#
####)......#.....#.......
...#)).....'....)oo......
...))......'....@ooo.....
...#.......'....Z4o......
####.......#....Z#o......
##.....#########.....#
####### ######


You could see 3 orc knights, an orc warrior, 3 orcs, a friendly ice devil, a
friendly orc zombie and a friendly orc warrior zombie.

Vanquished Creatures
  Edmund (D:6)
  A sky beast (D:8)
  An orc warrior (Bailey)
  An ice beast (D:6)
  3 ogres
  A necrophage (D:6)
  2 centaurs
  A big kobold (D:10)
  A bullfrog (D:7)
  A scorpion (D:6)
  15 killer bees
  A howler monkey (D:7)
  3 wights (D:9)
  A centaur zombie (D:5)
  2 bullfrog zombies
  A crimson imp (D:6)
  A hound (D:8)
  A centaur skeleton (D:4)
  4 orc wizards
  3 iguanas
  3 bullfrog skeletons
  6 worker ants
  A hound zombie (D:8)
  A hound skeleton (D:4)
  A howler monkey zombie (D:7)
  3 gnolls (D:3)
  12 adders
  An ooze (D:5)
  2 worms
  2 dart slugs
  5 leopard geckos
  33 orcs
  2 ball pythons (D:9)
  10 bats
  5 giant cockroaches
  5 hobgoblins
  7 jackals
  9 kobolds
  4 quokkas
  4 frilled lizards
  8 goblins
  A jackal skeleton (D:6)
  3 rats (D:2)
173 creatures vanquished.

Vanquished Creatures (collateral kills)
  A queen bee (D:8)
  Prince Ribbit (D:6)
  A hungry ghost (D:8)
  Eustachio (D:6)
  7 orc warriors (Bailey)
  2 sky beasts
  An eye of draining (D:9)
  A phantom (D:9)
  3 ogres
  3 bullfrogs
  A scorpion (D:8)
  12 killer bees
  2 wights (D:9)
  A crimson imp (D:6)
  2 hounds
  3 orc wizards
  2 centaur zombies
  An orc priest (D:8)
  An iguana (D:8)
  4 worker ants
  An adder (D:9)
  A gnoll (D:4)
  21 orcs
  3 goblins (D:10)
  5 kobolds (D:10)
81 creatures vanquished.

Vanquished Creatures (others)
  A wraith (Bailey)
  A centaur (D:5)
  A bullfrog (D:10)
  A bullfrog zombie (D:6)
  5 killer bee zombies
  7 orc zombies (Bailey)
  2 withered plants (D:3)
18 creatures vanquished.

Grand Total: 272 creatures vanquished

Notes
Turn   | Place    | Note
-------+----------+-------------------------------------------
     0 | D:1      | PikkenKukken the Demonspawn Monk began the quest for the
                  | Orb.
     0 | D:1      | Reached XP level 1. HP: 18/18 MP: 1/1
   486 | D:1      | Gained mutation: You are partially covered in rugged brown
                  | scales. (AC +1, +3% HP) [demonic ancestry]
   486 | D:1      | Reached XP level 2. HP: 18/24 MP: 2/2
   539 | D:1      | Reached skill level 3 in Unarmed Combat
  1507 | D:2      | Reached skill level 1 in Armour
  1507 | D:2      | Gained mutation: A weak demonic guardian rushes to your
                  | aid. [demonic ancestry]
  1507 | D:2      | Reached XP level 3. HP: 12/29 MP: 3/3
  1805 | D:2      | Found a deep blue altar of Sif Muna.
  2000 | D:2      | Found a blossoming altar of Fedhas.
  2247 | D:2      | Gained mutation: You regenerate a little health from kills.
                  | [demonic ancestry]
  2247 | D:2      | Reached XP level 4. HP: 35/36 MP: 4/4
  2729 | D:3      | Found a runed door.
  2731 | D:3      | Noticed PikkenKukken's ghost (amateur DsAK)
  2965 | D:3      | Reached skill level 1 in Shields
  3348 | D:4      | Noticed a centaur
  3445 | D:4      | Reached XP level 5. HP: 42/42 MP: 5/5
  3595 | D:4      | Killed a centaur
  3904 | D:4      | Reached skill level 4 in Unarmed Combat
  4150 | D:4      | Reached XP level 6. HP: 16/49 MP: 6/6
  5528 | D:5      | Entered Level 5 of the Dungeon
  5572 | D:5      | Gained mutation: A demonic guardian rushes to your aid.
                  | [demonic ancestry]
  5572 | D:5      | Reached XP level 7. HP: 41/55 MP: 7/7
  5654 | D:5      | Found Uxymadi's Antique Armour Shop.
  6511 | D:5      | Found a staircase to the Ecumenical Temple.
  6520 | Temple   | Entered the Ecumenical Temple
  6744 | Temple   | Became a worshipper of Yredelemnul the Dark
  6744 | Temple   | Reached * piety under Yredelemnul
  6744 | Temple   | Reached ** piety under Yredelemnul
  7057 | D:5      | Reached skill level 5 in Unarmed Combat
  7327 | D:6      | Found a burning altar of Makhleb.
  7386 | D:6      | Noticed Eustachio
  7391 | D:6      | Gained mutation: You have sharp fingernails. [demonic
                  | ancestry]
  7391 | D:6      | Reached XP level 8. HP: 50/62 MP: 8/8
  7402 | D:6      | Killed Eustachio
  7505 | D:6      | Noticed Prince Ribbit
  7516 | D:6      | Killed Prince Ribbit
  7675 | D:6      | Reached skill level 5 in Fighting
  7720 | D:6      | Noticed Edmund
  7738 | D:6      | Killed Edmund
  7928 | D:6      | Reached skill level 5 in Armour
  7928 | D:6      | Reached skill level 6 in Unarmed Combat
  8603 | D:7      | Reached skill level 1 in Evocations
  8643 | D:7      | Gained mutation: You are mostly covered in rugged brown
                  | scales. (AC +2, +5% HP) [demonic ancestry]
  8643 | D:7      | Reached XP level 9. HP: 63/71 MP: 9/9
  8745 | D:7      | Found a white marble altar of Elyvilon.
  9354 | D:8      | Noticed a queen bee
  9366 | D:8      | Killed a queen bee
  9366 | D:8      | Reached skill level 5 in Dodging
  9547 | D:8      | Reached *** piety under Yredelemnul
  9746 | D:8      | Reached skill level 7 in Unarmed Combat
 10228 | D:8      | Found an iron altar of Okawaru.
 10231 | D:8      | Found a hide-covered altar of Uskayaw.
 10234 | D:8      | Found a shimmering altar of Xom.
 10366 | D:8      | Found a sacrificial altar of Ru.
 10421 | D:9      | Found an ornate altar of the Wu Jian Council.
 10603 | D:9      | Received a gift from Yredelemnul (2 flying skulls)
 10721 | D:9      | Found Seust's Serpentskin Sales.
 10927 | D:9      | Reached XP level 10. HP: 77/79 MP: 1/12
 11122 | D:9      | Reached **** piety under Yredelemnul
 11135 | D:9      | Reached skill level 1 in Invocations
 11244 | D:10     | Entered Level 10 of the Dungeon
 11248 | D:10     | Received a gift from Yredelemnul (a wight)
 11295 | D:10     | Found a flagged portal.
 11313 | Bailey   | Entered a bailey
 11402 | Bailey   | Received a gift from Yredelemnul (a wraith)
 11478 | Bailey   | Noticed an orc knight
 11484 | Bailey   | Noticed an orc knight
 11485 | Bailey   | Noticed an orc knight
 11496 | Bailey   | Mangled by an orc knight

Vault maps used:
D:1:      co_arrival_random_square_maze, hangedman_abyss_or_decor_lesser_grid
D:2:      lemuel_round_altar, lemuel_doored_altar
D:3:      gammafunk_ghost_grave, first_ration
D:4:      minmay_fountain_box
D:5:      temple_statues, serial_shops, shop_statue
D:6:      bloody_makhleb, uniq_edmund, uniq_prince_ribbit1, uniq_eustachio
D:7:      lemuel_coloured_pillars_altar
D:8:      marbit_many_paths, grunt_temple_overflow_diamond, david_nohive_1,
          minivault_27
D:9:      old_standard_altar, guppyfry_shop_venom
D:10:     minmay_the_grid_octo_triangle, enter_bailey_3, serial_bayou_pond_a
Temple:   oiseaux_autumnal_temple
Bailey:   bailey_polearm_5, bailey

Skill      XL: |  1  2  3  4  5  6  7  8  9 10 |
---------------+-------------------------------+-----
Unarmed Combat | 3 4 5 6 7 |  7.7
Armour         | 1 2 3 4 5 6 |  6.9
Dodging        | 3 4 5 |  5.7
Shields        | 1 2 3 4 |  4.8
Fighting       | 4 5 6 |  6.3
Evocations     | 1 3 |  3.0
Invocations    | 2 |  2.4
Stealth        | |  1.7

Action                   |  1- 3 |  4- 6 |  7- 9 | 10-12 || total
-------------------------+-------+-------+-------+-------++-------
Melee: Unarmed           |   168 |   341 |   541 |    93 ||  1143
       Punch             |     1 |       |       |       ||     1
Invok: Animate Remains   |       |       |     2 |       ||     2
       Animate Dead      |       |       |     1 |     3 ||     4
  Use: Scroll            |     4 |     8 |    10 |       ||    22
       Potion            |       |     2 |       |     2 ||     4
 Stab: Sleeping          |     6 |       |       |       ||     6
       Distracted        |       |       |     3 |     2 ||     5
  Eat: Chunk             |     4 |     8 |     9 |     1 ||    22
       Ration            |       |     1 |     3 |     1 ||     5
Armor: Robe              |    12 |       |       |       ||    12
       Chain mail        |    97 |   158 |   237 |       ||   492
       Plate armour      |       |       |    15 |    77 ||    92
Dodge: Dodged            |    53 |    41 |   102 |    31 ||   227
Block: Shield            |    41 |   149 |   334 |   111 ||   635
       Reflection        |       |     7 |     6 |     1 ||    14

Table legend:
 A = Non-vault XP
 B = Vault XP
 C = Vault XP percentage of total XP
 D = Non-vault monster count
 E = Vault monster count
 F = Vault count percentage of total count
                 A         B        C        D         E       F
            +---------+---------+-------+---------+---------+-------
      Total |    4588 |    2213 |  32.5 |     196 |      60 |  23.4
            +---------+---------+-------+---------+---------+-------
        D:1 |      30 |       0 |   0.0 |      16 |       0 |   0.0
        D:2 |      85 |       0 |   0.0 |      22 |       0 |   0.0
        D:3 |     102 |       0 |   0.0 |      27 |       0 |   0.0
        D:4 |     472 |       0 |   0.0 |      17 |       0 |   0.0
        D:5 |     492 |       0 |   0.0 |      17 |       0 |   0.0
        D:6 |     639 |     501 |  43.9 |      12 |       3 |  20.0
        D:7 |     954 |     246 |  20.5 |      32 |       4 |  11.1
        D:8 |     560 |     709 |  55.9 |      17 |      13 |  43.3
        D:9 |    1091 |      35 |   3.1 |      23 |       5 |  17.9
       D:10 |     163 |       5 |   3.0 |      13 |       4 |  23.5
     Bailey |       0 |     717 | 100.0 |       0 |      31 | 100.0
            +---------+---------+-------+---------+---------+-------
